 Dungeon Crawl Stone Soup version 0.30-a0-777-ga9a30cbeda (webtiles) character file.

Game seed: 8074669595227479139

1444 Essalna the Firebug (level 8, -1/52 HPs)
             Began as a Gargoyle Fire Elementalist on Feb 14, 2023.
             Was a Follower of Vehumet.
             Slain by a wight
             ... wielding a +0 great sword
              (14 damage)
             ... on level 5 of the Dungeon.
             The game lasted 00:08:59 (5994 turns).

Essalna the Firebug (Gargoyle Fire Elementalist)    Turns: 5994, Time: 00:08:59

Health: -1/52      AC: 12    Str: 13    XL:     8   Next: 74%
Magic:  0/11       EV: 11    Int: 17    God:    Vehumet [*.....]
Gold:   254        SH:  5    Dex: 10    Spells: 4/11 levels left

rFire   + . .      SeeInvis .    h - +2 dagger (drain)
rCold   x . .      Faith    .    (no shield)
rNeg    + + .      Spirit   .    p - +2 robe {rN+}
rPois   ∞          Reflect  +    (no helmet)
rElec   +          Harm     .    (no cloak)
rCorr   .          Rampage  .    y - +1 pair of gloves
Will    .....                    u - +0 pair of boots
Stlth   ++                       v - amulet of reflection
HPRegen 0.28/turn                r - ring of fire
MPRegen 0.12/turn                (no ring)

@: no status effects
A: sickness immunity, AC +5, negative energy resistance 1, electricity
resistance, torment resistance 1, petrification resistance
a: Renounce Religion


You were on level 5 of the Dungeon.
You worshipped Vehumet.
Vehumet was aware of your devotion.
You visited 1 branch of the dungeon, and saw 6 of its levels.

You collected 254 gold pieces.

Inventory:

Hand Weapons
 c - a +0 dagger
 h - a +2 dagger of draining (weapon)
 w - a +2 dagger of venom
Armour
 a - a +0 robe
 p - a +2 robe of positive energy (worn)
 u - a +0 pair of boots (worn)
 y - a +1 pair of gloves (worn)
Magical Staves
 g - a staff of air
Jewellery
 r - a ring of fire (left hand)
 v - an amulet of reflection (around neck)
Wands
 k - a wand of charming (19)
 B - a wand of polymorph (14)
Scrolls
 e - 8 scrolls of identify
 f - 3 scrolls of teleportation {unknown}
 l - a scroll of torment {unknown}
 m - a scroll of blinking
 n - a scroll of enchant armour {unknown}
 o - a scroll of acquirement {unknown}
 t - a scroll of butterflies {unknown}
 x - a scroll of amnesia {unknown}
Potions
 b - a potion of magic
 d - 2 potions of berserk rage {unknown}
 i - 2 potions of heal wounds
 j - 2 potions of mutation {unknown}
 q - a potion of curing {unknown}
 s - a potion of resistance {unknown}
 z - a potion of cancellation {unknown}
 A - a potion of flight {unknown}


   Skills:
 + Level 6.4 Fighting
 - Level 1.5 Dodging
 - Level 2.1 Stealth
 - Level 2.0 Spellcasting
 + Level 6.7 Conjurations
 + Level 6.7 Fire Magic


You had 4 spell levels left.
You knew the following spells:

 Your Spells              Type           Power      Damage    Failure   Level
a - Foxfire               Conj/Fire      100%       2x1d9     1%          1
b - Scorch                Fire           74%        2d9       1%          2
c - Flame Wave            Conj/Fire      36%        2d10      12%         4

Your spell library contained the following spells:

 Spells                   Type           Power      Damage    Failure   Level
 Kiss of Death            Conj/Necr      52%        2d9       4%          1
 Magic Dart               Conj           96%        1d7       1%          1
 Searing Ray              Conj           48%        2d6       1%          2
 Inner Flame              Hex/Fire       19%        N/A       14%         3
 Kindle Blastsparks       Fire/Tloc/Air  28%        2d12      22%         3
 Fulminant Prism          Conj/Hex       6%         3d7       43%         4
 Petrify                  Tmut/Erth      1%         N/A       88%         4
 Metabolic Englaciation   Hex/Ice        0%         N/A       99%         5
 Statue Form              Tmut/Erth      Unusable   N/A       N/A         6

Dungeon Overview and Level Annotations

Branches:
Dungeon (6/15)             Temple (0/1) D:4

Altars:
Elyvilon
Makhleb
Ru
Sif Muna
Vehumet
Xom

Shops:
D:3 (


Innate Abilities, Weirdness & Mutations

You are immune to sickness and miasma.
Your stone body is resilient. (AC +5)
You are immune to poison.
You resist negative energy. (rN+)
You are resistant to electric shocks. (rElec)
You are resistant to unholy torment.
You are immune to petrification.


Message History

The wight hits you with a +3 long sword.
The wight barely misses you. The wight attacks as you move away!
You block the wight's attack.
There is an escape hatch in the ceiling here.
You block the wight's attack. The wight hits you but does no damage.
A mysterious force pulls you upwards. The hatch slams shut behind you.
Casting: Foxfire (safe; 1% risk of failure)
Confirm with . or Enter, or press ? or * to list all spells.
You feel a surge of power!
You conjure some foxfire!
The wight hits you with a +3 long sword.
The wight misses you.
You closely miss the wight.
The wight is heavily damaged.
The foxfire hits the wight.
The wight is moderately damaged.
The foxfire hits the wight.
The wight is heavily damaged.
The wight closely misses you. You block the wight's attack.
You closely miss the wight.
The wight is heavily damaged.
The wight closely misses you. The wight hits you but does no damage.
You barely miss the wight.
The wight is heavily damaged.
The wight hits you with a +3 long sword!
The wight barely misses you. The wight hits you but does no damage.
The wight barely misses you.
Casting: Foxfire (safe; 1% risk of failure)
Confirm with . or Enter, or press ? or * to list all spells.
You feel a surge of power!
You conjure some foxfire!
You barely miss the wight.
The wight is heavily damaged.
The foxfire hits the wight but does no damage.
The wight is heavily damaged.
The foxfire hits the wight but does no damage.
The wight is heavily damaged.
The wight hits you with a +3 long sword.
* * * LOW HITPOINT WARNING * * *
The wight hits you with a +0 great sword!
You die...

#..#.......##....#......#...###..
.....#....<..#.#......#######....
#....#####...#.#......#.......#..
...............#......#.#########
#...######.....#.##...#.#....##
.........#.......##.###.#.....###
#........#...#..§##.....#.^......
.........#.....§.#..#####........
.........#.....#@z...............
#........#.....#z#....#....###...
.........#...#.#.#...............
...............#.#...............
.........#######.................
#.................###)..........#
#...............#.# #............
#...............#.###............
#...............#.#..............


You could see 2 wights.

Vanquished Creatures
  Pikel (D:4)
  A water moccasin (D:6)
  2 black bears (D:5)
  2 phantoms
  A lemure (D:4)
  2 wights (D:6)
  A howler monkey (D:5)
  2 hounds (D:5)
  2 orc priests (D:5)
  Jessica (D:3)
  Terence (D:3)
  2 iguanas (D:5)
  An orc wizard (D:5)
  5 gnolls
  5 adders
  A white imp (D:6)
  An ufetubus (D:4)
  A worm (D:3)
  2 dart slugs
  10 orcs
  7 ball pythons
  4 endoplasms
  A giant cockroach (D:2)
  4 hobgoblins
  6 jackals
  2 quokkas
  2 bats (D:2)
  4 frilled lizards
  10 goblins
  4 kobolds
  7 rats
95 creatures vanquished.

Vanquished Creatures (others)
  332 foxfires
332 creatures vanquished.

Grand Total: 427 creatures vanquished

Notes
Turn   | Place    | Note
-------+----------+-------------------------------------------
     0 | D:1      | Essalna the Gargoyle Fire Elementalist began the quest for
                  | the Orb.
     0 | D:1      | Reached XP level 1. HP: 10/10 MP: 3/3
   265 | D:1      | Reached skill level 1 in Fighting
   265 | D:1      | Reached XP level 2. HP: 9/16 MP: 0/5
   864 | D:1      | Reached XP level 3. HP: 20/20 MP: 6/6
  1566 | D:2      | Found a white marble altar of Elyvilon.
  1615 | D:2      | Reached XP level 4. HP: 23/26 MP: 7/7
  1648 | D:2      | Learned a level 2 spell: Scorch
  2602 | D:3      | Found Wuolaire's Weapon Boutique.
  2637 | D:3      | Noticed Terence
  2660 | D:3      | Found a shimmering blue altar of Sif Muna.
  2660 | D:3      | Found a shimmering altar of Xom.
  2735 | D:3      | Found a radiant altar of Vehumet.
  2742 | D:3      | Became a worshipper of Vehumet
  2917 | D:3      | Noticed Jessica
  2924 | D:3      | Killed Jessica
  2925 | D:3      | Reached XP level 5. HP: 31/31 MP: 2/8
  3241 | D:4      | Found a sacrificial altar of Ru.
  3277 | D:4      | Found a burning altar of Makhleb.
  3353 | D:4      | Noticed a lemure
  3353 | D:4      | Noticed a lemure
  3353 | D:4      | Noticed a lemure
  3504 | D:3      | Killed Terence
  3574 | D:4      | Noticed a phantom
  3579 | D:4      | Killed a phantom
  3580 | D:4      | Reached XP level 6. HP: 37/37 MP: 3/9
  3713 | D:4      | Noticed Pikel
  3726 | D:4      | Killed Pikel
  3727 | D:4      | Reached skill level 5 in Conjurations
  3727 | D:4      | Reached skill level 5 in Fire Magic
  3727 | D:4      | Reached XP level 7. HP: 5/44 MP: 1/10
  3878 | D:4      | Found a staircase to the Ecumenical Temple.
  4281 | D:5      | Entered Level 5 of the Dungeon
  4440 | D:5      | Reached skill level 5 in Fighting
  4556 | D:6      | Reached XP level 8. HP: 18/49 MP: 1/11
  4699 | D:6      | Learned a level 4 spell: Flame Wave
  5713 | D:5      | Reached * piety under Vehumet
  5713 | D:5      | Offered knowledge of Kiss of Death by Vehumet.
  5994 | D:5      | Slain by a wight

Illustrated notes

Levels and vault maps discovered:
D:1:      heliophobic_arrival_battle_scene, layout_basic
D:2:      wad_crossroads, layout_basic, basic_altar
D:3:      layout_loops_corners, nicolae_vehumet_altar_sigil,
          gammafunk_temple_overflow_statue, serial_shops,
          nicolae_shop_hallway_stairs, uniq_terence, uniq_jessica
D:4:      layout_cave_pools, mainiacjoe_overflow_24_doors, hangedman_ru_absence,
          minmay_temple_entry_drinking_statues, minivault_26, uniq_pikel
D:5:      layout_basic, serial_co_window_serial, co_window_of_opportunity_a,
          co_window_corner_a, co_window_of_opportunity_a, co_window_cross_1,
          co_window_paths_a, co_window_cross_1, co_window_corner_b,
          co_window_paths_c, co_window_unsneaky_path_a, co_window_paths_c,
          co_window_corner_b, glass_columns_b, glass_columns_a, glass_columns_c,
          glass_columns_c, glass_columns_c
D:6:      layout_loops_ring, minmay_misc_feat_cross, hangedman_glass_teeth

Skill      XL: |  1  2  3  4  5  6  7  8 |
---------------+-------------------------+-----
Fighting       | 1 2 3 4 5 6 |  6.4
Conjurations   | 2 3 5 6 |  6.7
Fire Magic     | 4 5 6 |  6.7
Dodging        | |  1.5
Stealth        | |  2.1
Spellcasting   | |  2.0

Action                     |  1- 3 |  4- 6 |  7- 9 || total
---------------------------+-------+-------+-------++-------
  Melee: Dagger            |    42 |    47 |    25 ||   114
   Cast: Foxfire           |    45 |    37 |   103 ||   185
         Scorch            |       |    10 |     9 ||    19
    Use: Scroll            |     4 |     1 |       ||     5
         Potion            |       |     1 |       ||     1
   Stab: Sleeping          |     3 |     3 |       ||     6
 Armour: Robe              |    11 |    19 |    19 ||    49
  Dodge: Dodged            |    28 |    22 |    24 ||    74
  Block: Other             |       |       |    11 ||    11

Table legend: (Time is in decaauts)
 A = Elapsed time spent in this place.
 B = Non-inter-level travel time spent in this place.
 C = Inter-level travel time spent in this place.
 D = Time resting spent in this place.
 E = Time spent auto-exploring this place.
 F = Levels seen in this place.
 G = Mean time per level.
                   A        B        C        D        E       F      G
               +--------+--------+--------+--------+--------+-----+--------+
         Total |   5991 |   5723 |    268 |      0 |   4986 |   6 |  998.5 |
       Dungeon |   5991 |   5723 |    268 |      0 |   4986 |   6 |  998.5 |
               +--------+--------+--------+--------+--------+-----+--------+

Top non-repeatable levels by time:
     D:5: 1434 daAuts
     D:3: 1362 daAuts
     D:2: 1021 daAuts
     D:1: 1011 daAuts
     D:4: 884 daAuts
     D:6: 278 daAuts
